 Dungeon Crawl Stone Soup version 0.30-a0-1085-g990a428a5c (webtiles) character file.

Game seed: 2370615531939515108

97 Jeffwins the Firebug (level 5, 0/37 HPs)
             Began as a Human Wanderer on Apr 17, 2023.
             Slain by a jackal (6 damage)
             ... on level 3 of the Dungeon.
             The game lasted 00:04:02 (1735 turns).

Jeffwins the Firebug (Human Wanderer)               Turns: 1735, Time: 00:04:03

Health: 0/37       AC:  7    Str: 10    XL:     5   Next: 0%
Magic:  3/8        EV:  2    Int: 14    God:
Gold:   61         SH:  0    Dex: 15    Spells: 6/9 levels left

rFire   + . .      SeeInvis .    a - +0 spear
rCold   x . .      Faith    .    d - +0 buckler
rNeg    . . .      Spirit   .    g - +2 ring mail {Will+}
rPois   .          Reflect  .    (no helmet)
rElec   .          Rampage  .    (no cloak)
rCorr   .                        (no gloves)
Will    +....                    (no boots)
Stlth   +                        (no amulet)
HPRegen 0.26/turn                F - ring of fire
MPRegen 0.11/turn                (no ring)

@: sleeping
A: no striking features
a: no special abilities


You were on level 3 of the Dungeon.
You visited 1 branch of the dungeon, and saw 4 of its levels.

You collected 61 gold pieces.


   Skills:
 - Level 1.0 Fighting
 + Level 1.5 Throwing
 + Level 1.2 Stealth
 + Level 1.6 Shields
 * Level 2.5 Spellcasting
 * Level 2.1 Conjurations
 * Level 4.5 Fire Magic


You had 6 spell levels left.
You knew the following spells:

 Your Spells              Type           Power      Damage    Failure   Level
x - Scorch                Fire           42%        2d6       19%         2
z - Foxfire               Conj/Fire      64%        2x1d7     21%         1

Your spell library contained the following spells:

 Spells                   Type           Power      Damage    Failure   Level
 Volatile Blastmotes      Fire/Tloc      24%        2d12      67%         3
 Hailstorm                Conj/Ice       4%         3d4       83%         3

Inventory:

Hand Weapons
 a - a +0 spear (weapon)
Missiles
 k - 3 poisoned darts (quivered)
Armour
 d - a +0 buckler (worn)
 g - a +2 ring mail of willpower (worn)
Magical Staves
 h - a staff of cold
Jewellery
 F - a ring of fire (left hand)
Scrolls
 b - a scroll of brand weapon {unknown}
 c - a scroll of identify {unknown}
 f - a scroll of teleportation {@r4}
Potions
 e - a potion of might {unknown}
 i - a potion of curing {unknown}
 j - a potion of haste {unknown}
 l - a potion of heal wounds {unknown}

Dungeon Overview and Level Annotations

Branches:
Dungeon (4/15)
 Temple: D:4-7

Altars:

.. .# ..
##.##
.#####....#
. ........
...## .....
......#..#
#.†)# #.#h#
#.#@#
..#Jf....#
..###.......
.#. .......
.... .#..#..
h. ..
#...... .
###. .#


You could see a sleepcap, an endoplasm and a jackal.


Message History

The jackal bites you but does no damage.
The endoplasm hits you but does no damage.
The sleepcap closely misses you. The jackal closely misses you.
Unknown command.
You closely miss the jackal.
The jackal is almost dead.
You block the jackal's attack.
The endoplasm jiggles.
The endoplasm completely misses you. The sleepcap closely misses you.
You block the jackal's attack.
Unknown command.
You barely miss the jackal.
The jackal is severely wounded.
The endoplasm barely misses you. The sleepcap barely misses you.
You block the jackal's attack. The endoplasm freezes you.
You are frozen.
You feel a terrible chill!
* * * LOW HITPOINT WARNING * * *
The sleepcap closely misses you.
You closely miss the jackal.
The jackal is heavily wounded.
The jackal misses you.
The jackal bites you but does no damage.
The endoplasm hits you but does no damage.
The sleepcap releases spores at you!
* * * LOW HITPOINT WARNING * * *
You are engulfed in a cloud of soporific spores!
You fall asleep.
The jackal bites you.
You die...

Skill      XL: |  1  2  3  4 |
---------------+-------------+-----
Stealth        | 1 |  1.2
Conjurations   | 2 |  2.1
Fighting       | |  1.0
Throwing       | |  1.5
Shields        | |  1.6
Spellcasting   | |  2.5
Fire Magic     | |  4.5

Action                     |  1- 3 |  4- 6 || total
---------------------------+-------+-------++-------
  Melee: Dagger            |    19 |       ||    19
         Spear             |    46 |    40 ||    86
   Cast: Foxfire           |    32 |    15 ||    47
         Scorch            |       |     6 ||     6
    Use: Scroll            |     1 |       ||     1
   Stab: Distracted        |       |     1 ||     1
 Armour: Robe              |    11 |       ||    11
         Ring mail         |    41 |    23 ||    64
  Dodge: Dodged            |    63 |    26 ||    89
  Block: Buckler           |    26 |     7 ||    33

Levels and vault maps discovered:
D:1:      scummos_arrival_simple_fountains, layout_loops_ring
D:2:      layout_basic, basic_altar, minmay_split_cup_small
D:3:      layout_rooms, pf_just_have_faith, uniq_terence, uniq_grinder
D:4:      layout_loops_ring, gammafunk_ghost_smash

Notes
Turn   | Place    | Note
-------+----------+-------------------------------------------
     0 | D:1      | Jeffwins the Human Wanderer began the quest for the Orb.
     0 | D:1      | Jeffwins set off with the following items: a +0 dagger, a
                  | scroll of teleportation {@r4}, a +0 robe, a +0 buckler; and
                  | the following spells available to memorise: Scorch,
                  | Foxfire, Volatile Blastmotes, Hailstorm.
     0 | D:1      | Reached XP level 1. HP: 15/15 MP: 3/3
     2 | D:1      | Learned a level 1 spell: Foxfire
    38 | D:1      | HP: 1/15 [jackal (2)]
   172 | D:1      | Reached XP level 2. HP: 21/21 MP: 3/5
   424 | D:1      | Reached XP level 3. HP: 26/26 MP: 3/6
   427 | D:1      | Learned a level 2 spell: Scorch
   865 | D:1      | Reached skill level 1 in Stealth
   910 | D:1      | Reached XP level 4. HP: 32/32 MP: 7/7
  1260 | D:2      | Reached skill level 2 in Conjurations
  1556 | D:2      | You fall into a shaft and drop 2 floors!
  1730 | D:3      | Reached XP level 5. HP: 22/37 MP: 2/8
  1735 | D:3      | Slain by a jackal

Vanquished Creatures
  3 adders
  2 gnolls (D:1)
  A dart slug (D:1)
  3 bats (D:1)
  2 endoplasms
  3 giant cockroaches
  5 goblins (D:1)
  5 hobgoblins
  8 jackals
  3 quokkas
  2 ball pythons
  4 frilled lizards
  4 kobolds
45 creatures vanquished.

Vanquished Creatures (others)
  83 foxfires
83 creatures vanquished.

Grand Total: 128 creatures vanquished

Table legend: (Time is in decaauts)
 A = Elapsed time spent in this place.
 B = Non-inter-level travel time spent in this place.
 C = Inter-level travel time spent in this place.
 D = Time resting spent in this place.
 E = Time spent auto-exploring this place.
 F = Levels seen in this place.
 G = Mean time per level.
                   A        B        C        D        E       F      G
               +--------+--------+--------+--------+--------+-----+--------+
         Total |   1746 |   1671 |     75 |    142 |   1171 |   4 |  436.5 |
       Dungeon |   1746 |   1671 |     75 |    142 |   1171 |   4 |  436.5 |
               +--------+--------+--------+--------+--------+-----+--------+

Top non-repeatable levels by time:
     D:1: 1251 daAuts
     D:2: 313 daAuts
     D:4: 152 daAuts
     D:3: 28 daAuts

Table legend:
 A = Non-vault XP
 B = Vault XP
 C = Vault XP percentage of total XP
 D = Non-vault monster count
 E = Vault monster count
 F = Vault count percentage of total count
                 A         B        C        D         E       F
            +---------+---------+-------+---------+---------+-------
      Total |     139 |       0 |   0.0 |      45 |       0 |   0.0
            +---------+---------+-------+---------+---------+-------
        D:1 |      79 |       0 |   0.0 |      30 |       0 |   0.0
        D:2 |      22 |       0 |   0.0 |       6 |       0 |   0.0
        D:3 |      20 |       0 |   0.0 |       5 |       0 |   0.0
        D:4 |      18 |       0 |   0.0 |       4 |       0 |   0.0
            +---------+---------+-------+---------+---------+-------
